 Dungeon Crawl Stone Soup version 0.29.0-4-gdea44cf6ec (webtiles) character file.

Game seed: 6015347721673042970

1441 qw the Cleaver (level 8, -2/70 HPs)
             Began as a Minotaur Fighter on Sept 6, 2022.
             Was an Initiate of Ru.
             Slain by an ogre
             ... wielding a +0 giant club
              (14 damage)
             ... on level 6 of the Dungeon.
             The game lasted 00:01:36 (4558 turns).

qw the Cleaver (Minotaur Fighter)                   Turns: 4558, Time: 00:01:37

Health: -2/70      AC: 10    Str: 29    XL:     8   Next: 46%
Magic:  7/7        EV: 13    Int:  5    God:    Ru [......]
Gold:   153        SH:  9    Dex: 10    Spells: 7/7 levels left

rFire   . . .      SeeInvis .   Y - +1 war axe (freeze)
rCold   . . .      Faith    .   c - +0 buckler
rNeg    . . .      Spirit   .   o - +0 chain mail
rPois   .          Reflect  +   (helmet restricted)
rElec   .          Harm     .   (no cloak)
rCorr   .          Rampage  .   (no gloves)
Will    .....                   n - +0 pair of boots
Stlth   ..........              q - amulet of reflection
HPRegen 0.21/turn               e - +4 ring of evasion
MPRegen 0.10/turn               j - +6 ring of strength

@: about to teleport
A: horns 2, retaliatory headbutt
a: Renounce Religion


You were on level 6 of the Dungeon.
You worshipped Ru.
Ru was noncommittal.
You visited 2 branches of the dungeon, and saw 7 of its levels.

You collected 195 gold pieces.
You spent 42 gold pieces at shops.


Innate Abilities, Weirdness & Mutations

You have a pair of horns on your head.
You reflexively headbutt those who attack you in melee.


   Skills:
 - Level 6.0 Fighting
 - Level 11.0 Axes
 - Level 4.8 Armour
 - Level 2.3 Dodging
 + Level 3.6 Shields


You had 7 spell levels left.
You didn't know any spells.
Your spell library was empty.

Inventory:

Hand Weapons
 l - a +0 flail
 Y - a +1 war axe of freezing (weapon)
Armour
 c - a +0 buckler (worn)
 n - a +0 pair of boots (worn)
 o - a +0 chain mail (worn)
Jewellery
 e - a +4 ring of evasion (left hand)
 j - a +6 ring of strength (right hand)
 q - an amulet of reflection (around neck)
Scrolls
 i - a scroll of identify
Potions
 b - a potion of haste {unknown}
 d - 3 potions of might
 p - 2 potions of curing

Dungeon Overview and Level Annotations

Branches:
Dungeon (6/15)             Temple (1/1) D:4

Altars:
Cheibriados
Dithmenos
Elyvilon
Gozag
Kikubaaqudgha
Makhleb
Nemelex Xobeh
Okawaru
Ru
Uskayaw
Wu Jian
Xom
Yredelemnul
Zin
The Shining One

Shops:
D:2 !   D:4 (   D:5 :

Annotations:
D:4 3 runed translucent doors, qw's ghost, novice MiBe
D:6 Blork the orc


Message History

The hound bites you but does no damage. The orc hits you but does no damage.
The orc closely misses you. You furiously retaliate!
You headbutt the orc, but do no damage. You closely miss the hound.
The hound is lightly wounded.
You closely miss the orc. You slash the scorpion! You freeze the scorpion.
You kill the scorpion!
You hit the orc but do no damage. You block the hound's attack.
The hound barely misses you. You furiously retaliate!
You headbutt the hound. The orc misses you. You block the orc's attack.
Your Axes skill increases to level 11!
You barely miss the hound. You headbutt the hound!
The hound is almost dead.
You closely miss the orc. You barely miss the orc. The hound bites you.
You block the orc's attack. The orc hits you but does no damage.
You slice the hound!! You freeze the hound.
You kill the hound!
You hit the orc but do no damage. You slash the ice beast! You slash the orc!
You freeze the orc.
You kill the orc!
You block the orc's attack. The ice beast barely misses you.
You slice the ice beast!!
You kill the ice beast!
You barely miss the orc. The orc hits you but does no damage.
Your Armour skill increases to level 4!
You slash the orc! You freeze the orc.
You kill the orc!
You hit the ogre but do no damage. You headbutt the ogre!
The ogre is moderately wounded.
The ogre hits you with a +0 giant club!!
4557 ||| READING scroll of teleportation.
As you read the scroll of teleportation, it crumbles to dust.
You feel strangely unstable.
You barely miss the ogre.
The ogre is moderately wounded.
The ogre hits you with a +0 giant club!
You die...

......!..#
.........#
.........#
.........
....... #....#
...##.%)######.
.......@O.....#
..#########..##


You could see an ogre.

Vanquished Creatures
  Grinder (D:6)
  A troll (D:5)
  Sigmund (D:4)
  An ice beast (D:6)
  3 ogres (D:6)
  A phantom (D:3)
  A gnoll sergeant (D:5)
  2 scorpions
  3 hounds
  A jelly (D:4)
  An iguana (D:3)
  5 adders
  3 gnolls (D:5)
  A white imp (D:5)
  4 dart slugs
  5 orcs
  6 bats
  3 endoplasms
  A giant cockroach (D:1)
  5 hobgoblins
  5 jackals
  4 kobolds
  A quokka (D:4)
  8 ball pythons
  4 frilled lizards
  2 goblins
  5 rats
78 creatures vanquished.

Vanquished Creatures (others)
  A worm (D:5)
  An orc (D:5)
2 creatures vanquished.

Grand Total: 80 creatures vanquished

Notes
Turn   | Place    | Note
-------+----------+-------------------------------------------
     0 | D:1      | qw the Minotaur Fighter began the quest for the Orb.
     0 | D:1      | Reached XP level 1. HP: 19/19 MP: 0/0
     0 | D:1      | 0 ||| qw: Version: 0.1-a-108-g9e35731
     0 | D:1      | 0 ||| qw: Game counter: 6281
     0 | D:1      | 0 ||| qw: Always use a shield: true
     0 | D:1      | 0 ||| qw: God list: Ru
     0 | D:1      | 0 ||| qw: Allow faded altars: false
     0 | D:1      | 0 ||| qw: Do Orc after D:15 true
     0 | D:1      | 0 ||| qw: Do second Lair branch before Depths: true
     0 | D:1      | 0 ||| qw: Lair rune preference: random
     0 | D:1      | 0 ||| qw: Plans: Normal
     0 | D:1      | 0 ||| PLANNING D:1-11
   101 | D:1      | Reached skill level 3 in Axes
   399 | D:1      | Reached XP level 2. HP: 26/26 MP: 1/1
   403 | D:1      | 403 ||| Stepping ~*~*~tactically~*~*~ (stealth).
   404 | D:1      | 404 ||| Stepping ~*~*~tactically~*~*~ (stealth).
   409 | D:1      | 409 ||| Stepping ~*~*~tactically~*~*~ (stealth).
   410 | D:1      | 410 ||| Stepping ~*~*~tactically~*~*~ (stealth).
   416 | D:1      | 416 ||| Stepping ~*~*~tactically~*~*~ (stealth).
   417 | D:1      | 417 ||| Stepping ~*~*~tactically~*~*~ (stealth).
   842 | D:1      | 842 ||| DROPPING scarf of harm.
   843 | D:1      | 843 ||| UPGRADING to +0 pair of boots.
   848 | D:1      | 848 ||| UPGRADING to +4 ring of evasion.
   849 | D:1      | 849 ||| UPGRADING to +6 ring of strength.
   850 | D:1      | 850 ||| READING scroll labelled OTSUUC KAABLEU.
   851 | D:1      | 851 ||| READING 2 scrolls labelled IPECZU ZAYXUECATO.
   852 | D:1      | 852 ||| READING 2 scrolls labelled VAOFEH NYPH.
   856 | D:1      | 856 ||| READING scroll labelled XAFROKHINUH.
   857 | D:1      | 857 ||| DRINKING 3 bubbling blue potions.
   876 | D:2      | Reached skill level 4 in Axes
   876 | D:2      | Reached XP level 3. HP: 30/31 MP: 2/2
   938 | D:2      | 938 ||| Stepping ~*~*~tactically~*~*~ (hiding).
  1143 | D:2      | 1143 ||| DROPPING +0 whip.
  1371 | D:2      | Found Feterol's Distillery.
  1379 | D:2      | 1379 ||| SHOPLISTING 2 potions of curing (84 gold, have
                  | 52).
  1379 | D:2      | 1379 ||| BUYING potion of curing (42 gold).
  1379 | D:2      | Bought a potion of curing for 42 gold pieces
  1379 | D:2      | 1379 ||| SHOPLISTING potion of haste (140 gold, have 10).
  1379 | D:2      | 1379 ||| SHOPLISTING potion of heal wounds (70 gold, have
                  | 10).
  1379 | D:2      | 1379 ||| SHOPLISTING potion of mutation (112 gold, have
                  | 10).
  1523 | D:2      | 1523 ||| UPGRADING to +0 chain mail.
  1533 | D:2      | 1533 ||| DROPPING +0 scale mail.
  1534 | D:2      | 1534 ||| UPGRADING to amulet of reflection.
  1539 | D:2      | 1539 ||| READING scroll labelled XAHOLY CIROMEO.
  1540 | D:2      | 1540 ||| READING 3 scrolls of identify.
  1540 | D:2      | 1540 ||| IDENTIFYING pink potion
  1541 | D:2      | 1541 ||| READING 2 scrolls of identify.
  1541 | D:2      | 1541 ||| IDENTIFYING green potion
  1542 | D:2      | 1542 ||| DROPPING potion of magic.
  1543 | D:2      | 1543 ||| DROPPING potion of flight.
  1578 | D:3      | Found a shadowy altar of Dithmenos.
  1611 | D:3      | Reached skill level 5 in Axes
  1611 | D:3      | Reached XP level 4. HP: 28/39 MP: 3/3
  1703 | D:3      | 1703 ||| READING 2 scrolls of teleportation.
  1786 | D:3      | Reached skill level 1 in Dodging
  1791 | D:3      | Found a white marble altar of Elyvilon.
  1877 | D:3      | Noticed a phantom
  1890 | D:3      | Killed a phantom
  1891 | D:3      | Reached skill level 6 in Axes
  1891 | D:3      | Reached XP level 5. HP: 40/45 MP: 4/4
  1965 | D:3      | 1965 ||| Stepping ~*~*~tactically~*~*~ (stealth).
  2019 | D:3      | Found an iron altar of Okawaru.
  2179 | D:3      | 2179 ||| READING 2 scrolls of identify.
  2179 | D:3      | 2179 ||| IDENTIFYING bubbling emerald potion
  2180 | D:3      | 2180 ||| DROPPING potion of berserk rage.
  2206 | D:4      | 2206 ||| Stepping ~*~*~tactically~*~*~ (hiding).
  2315 | D:4      | 2315 ||| Stepping ~*~*~tactically~*~*~ (stealth).
  2317 | D:4      | 2317 ||| Stepping ~*~*~tactically~*~*~ (stealth).
  2318 | D:4      | Noticed Sigmund
  2319 | D:4      | 2319 ||| Stepping ~*~*~tactically~*~*~ (stealth).
  2328 | D:4      | Killed Sigmund
  2329 | D:4      | Reached skill level 8 in Axes
  2329 | D:4      | Reached XP level 6. HP: 28/51 MP: 5/5
  2486 | D:4      | Found Rarph's Weapon Shop.
  2495 | D:4      | 2495 ||| SHOPLISTING +5 morningstar of the Dowdy God {elec,
                  | rPois Dex+6} (823 gold, have 53).
  2590 | D:4      | Found a runed translucent gate.
  2591 | D:4      | Found a runed translucent gate.
  2591 | D:4      | Noticed qw's ghost (novice MiBe)
  2592 | D:4      | Found a runed translucent gate.
  2592 | D:4      | Identified the +7 chain mail "Gacvuto" {rN+}
  2592 | D:4      | Noticed an orc warrior
  2712 | D:4      | Found a staircase to the Ecumenical Temple.
  2713 | D:4      | 2713 ||| PLANNING TEMPLE
  2713 | D:4      | 2713 ||| DRINKING 2 ruby potions.
  2814 | D:4      | 2814 ||| DROPPING potion of ambrosia.
  2832 | Temple   | Entered the Ecumenical Temple
  2879 | Temple   | Became a worshipper of Ru the Awakened
  2881 | Temple   | 2881 ||| PLANNING D:1-11
  3145 | D:5      | Entered Level 5 of the Dungeon
  3162 | D:5      | Found Daysyepp's Book Boutique.
  3272 | D:5      | 3272 ||| Stepping ~*~*~tactically~*~*~ (stealth).
  3416 | D:5      | 3416 ||| Stepping ~*~*~tactically~*~*~ (stealth).
  3430 | D:5      | Reached XP level 7. HP: 52/59 MP: 6/6
  3535 | D:5      | Noticed a troll
  3546 | D:5      | HP: 11/59 [troll (5)]
  3547 | D:5      | 3547 ||| READING 3 scrolls of teleportation.
  3548 | D:5      | 3548 ||| DRINKING 2 potions of heal wounds.
  3859 | D:5      | Reached skill level 9 in Axes
  4112 | D:5      | Killed a troll
  4113 | D:5      | Reached skill level 6 in Fighting
  4375 | D:5      | 4375 ||| READING scroll labelled VATEDUN EVUD.
  4376 | D:5      | 4376 ||| READING scroll labelled YFOIFI UNAPIOD.
  4377 | D:5      | 4377 ||| READING 2 scrolls of identify.
  4377 | D:5      | 4377 ||| IDENTIFYING metallic emerald potion
  4378 | D:5      | 4378 ||| DROPPING potion of invisibility.
  4401 | D:6      | Noticed Grinder
  4407 | D:6      | Killed Grinder
  4408 | D:6      | Reached skill level 10 in Axes
  4474 | D:6      | Reached XP level 8. HP: 70/70 MP: 7/7
  4477 | D:6      | 4477 ||| Stepping ~*~*~tactically~*~*~ (stealth).
  4539 | D:6      | Noticed Blork the orc
  4544 | D:6      | HP: 12/70 [ogre/+0 giant club (22)]
  4545 | D:6      | 4545 ||| READING 2 scrolls of teleportation.
  4546 | D:6      | 4546 ||| DRINKING potion of heal wounds.
  4552 | D:6      | Reached skill level 11 in Axes
  4556 | D:6      | HP: 11/70 [ogre/+0 giant club (26)]
  4557 | D:6      | 4557 ||| READING scroll of teleportation.
  4558 | D:6      | Slain by an ogre

Levels and vault maps discovered:
D:1:      mrwooster_arrival_arrow, layout_loops_ring, minmay_tripent
D:2:      layout_loops_cross, serial_shops, shop
D:3:      layout_rooms, amcnicky_altar_gilded, lemuel_doored_altar,
          elyvilon_altar_3
D:4:      layout_rooms, minmay_temple_entry_purple_smoke, serial_shops,
          nicolae_shop_bloodbath_and_beyond, biasface_ghost_orc_armoury,
          uniq_sigmund
D:5:      layout_rooms, serial_shops, nicolae_shop_advertising_works
          [nicolae_subvault_shop_adworks], lemuel_flame_loot_1
D:6:      layout_cave_pods, uniq_grinder, uniq_blork_the_orc
Temple:   nicolae_temple_great_sept

Skill      XL: |  1  2  3  4  5  6  7  8 |
---------------+-------------------------+-----
Axes           | 3 4 5 6 8 10 11 | 11.0
Dodging        | 1 2 |  2.3
Fighting       | 4 6 |  6.0
Armour         | 4 |  4.8
Shields        | |  3.6

Action                   |  1- 3 |  4- 6 |  7- 9 || total
-------------------------+-------+-------+-------++-------
Melee: War axe           |    69 |    64 |    63 ||   196
       Headbutt          |    10 |     8 |    16 ||    34
  Use: Scroll            |     7 |     2 |     6 ||    15
       Potion            |     1 |     1 |     2 ||     4
Armor: Scale mail        |    21 |       |       ||    21
       Chain mail        |     1 |    15 |    14 ||    30
Dodge: Dodged            |    26 |    27 |    38 ||    91
Block: Buckler           |    18 |    15 |    30 ||    63
       Reflection        |       |     2 |       ||     2

Table legend:
 A = Non-vault XP
 B = Vault XP
 C = Vault XP percentage of total XP
 D = Non-vault monster count
 E = Vault monster count
 F = Vault count percentage of total count
                 A         B        C        D         E       F
            +---------+---------+-------+---------+---------+-------
      Total |    1533 |     526 |  25.5 |      74 |       4 |   5.1
            +---------+---------+-------+---------+---------+-------
        D:1 |      21 |       6 |  22.2 |      15 |       2 |  11.8
        D:2 |      47 |       0 |   0.0 |      12 |       0 |   0.0
        D:3 |     175 |       0 |   0.0 |      15 |       0 |   0.0
        D:4 |     109 |     243 |  69.0 |      10 |       1 |   9.1
        D:5 |     540 |       0 |   0.0 |      11 |       0 |   0.0
        D:6 |     641 |     277 |  30.2 |      11 |       1 |   8.3
            +---------+---------+-------+---------+---------+-------
